 Dungeon Crawl Stone Soup version 0.18-a0-1773-gec4f98e (webtiles) character file.

26 dobroeutro the Skirmisher (level 3, -5/24 HPs)
             Began as a Gargoyle Fighter on Apr 14, 2016.
             Slain by Sigmund
             ... wielding a +0 scythe
              (8 damage)
             ... on level 2 of the Dungeon.
             The game lasted 00:01:09 (702 turns).

dobroeutro the Skirmisher (Gargoyle Fighter)         Turns: 702, Time: 00:01:10

Health: -5/24      AC: 10    Str: 20    XL:     3   Next: 8%
Magic:  3/3        EV:  7    Int:  8    God:
Gold:   51         SH:  9    Dex:  9    Spells: 0 memorised, 2 levels left

rFire  . . .     SeeInvis .     a - +0 flail
rCold  . . .     Gourm    .     b - +0 scale mail
rNeg   + . .     Faith    .     c - +0 shield
rPois  ∞         Spirit   .     (no helmet)
rElec  +         Dismiss  .     (no cloak)
rCorr  .         Reflect  .     (no gloves)
SustAt .         Harm     .     (no boots)
MR     .....                    (no amulet)
Stlth  ..........               (no ring)
                                (no ring)

@: not resistant to hostile enchantments, extremely unstealthy
A: negative energy resistance 1, electricity resistance, unbreathing,
petrification resistance, rot immunity, AC +3
a: no special abilities


You were on level 2 of the Dungeon.
You were not hungry.

You visited 1 branch of the dungeon, and saw 2 of its levels.

You collected 51 gold pieces.

Inventory:

Hand Weapons
 a - a +0 flail (weapon)
Armour
 b - a +0 scale mail (worn)
 c - a +0 shield (worn)
Scrolls
 e - a scroll of magic mapping {unknown}
 g - a scroll of amnesia {unknown}
 i - a scroll of remove curse {unknown}
 j - a scroll of enchant armour {unknown}
 n - 2 scrolls of identify {unknown}
Potions
 d - a potion of might
Comestibles
 f - 2 bread rations
 h - a royal jelly
 k - a meat ration
 l - a slice of pizza
 m - 4 chunks of flesh


   Skills:
 + Level 3.9 Fighting
 + Level 2.3 Maces & Flails
 + Level 3.5 Armour
 - Level 0.1 Dodging
 + Level 3.4 Shields


You had 2 spell levels left.
You didn't know any spells.

Dungeon Overview and Level Annotations

Branches:
Dungeon (2/15)

Altars:

Annotations:
D:2 Sigmund


Innate Abilities, Weirdness & Mutations

You are resistant to torment.
Your stone body is resilient (AC +3).
You are immune to poison.
You resist negative energy.
You are resistant to electric shocks.
You can survive without breathing.
You are immune to petrification.
You are immune to rotting.


Message History

There is a stone staircase leading up here.
Sigmund hits you but does no damage.
You barely miss Sigmund. You block Sigmund's attack.
You closely miss Sigmund. Sigmund hits you with a scythe.
You hit Sigmund.
Sigmund is lightly wounded.
Sigmund hits you with a scythe.
You sock Sigmund!
Sigmund is heavily wounded.
Sigmund gestures at you while chanting. The magic dart hits you!
You barely miss Sigmund.
Sigmund is heavily wounded.
Sigmund says, "You will soon forget everything."
Sigmund hits you with a scythe!
* * * LOW HITPOINT WARNING * * *
You hit Sigmund.
Sigmund is heavily wounded.
Sigmund hits you with a scythe!
You die...

#####..##.# #.....(...#
#.........# #.....?... (.
#........# ..# ### #........#
...# #<# #......<.###..#####.#
#.............#.....#
#......@......#.##..#
#......@......#.##..# ######
######.#.....##.##..# .....#
#.#.....##.##..####
.###.##########.......##.##..#...
.#.............#....!.##.##.<#.##
.#.#.#########.#......##.##..#.#
.#.#.# #.##.....##.##..#.# .#.#.#
#.##$....##.#####.#


You could see Sigmund.

Vanquished Creatures
  3 dart slugs
  A giant cockroach (D:2)
  4 goblins
  2 hobgoblins
  2 ball pythons
  3 bats (D:1)
  A giant newt (D:1)
  3 kobolds (D:1)
  3 rats
22 creatures vanquished.

Notes
Turn   | Place    | Note
--------------------------------------------------------------
     0 | D:1      | dobroeutro the Gargoyle Fighter began the quest for the Orb.
     0 | D:1      | Reached XP level 1. HP: 14/14 MP: 1/1
   155 | D:1      | Reached XP level 2. HP: 16/19 MP: 2/2
   585 | D:2      | Reached XP level 3. HP: 23/24 MP: 3/3
   640 | D:2      | Noticed Sigmund
   702 | D:2      | Slain by Sigmund

Vault maps used:
D:1:      lightli_arrival_flooded_house, wad_floor_pattern_1
D:2:      overflow_temple_1_default, kennysheep_slug_shrine, kennysheep_nub,
          uniq_sigmund

Action                   || total
-------------------------++-------
Melee: Flail             ||    96
Armor: Scale mail        ||    50
Dodge: Dodged            ||    27
Block: Shield            ||    59
